 Seeded DCSS version 0.29.1 (webtiles) character file.

Game seed: 5999142779728041797 (custom seed)

98 GigaChad the Covered (level 4, 0/40 HPs)
             Began as a Minotaur Fighter on Sept 14, 2022.
             Constricted to death by a ball python (1 damage)
             ... on level 3 of the Dungeon.
             The game lasted 00:06:07 (2348 turns).

GigaChad the Covered (Minotaur Fighter)             Turns: 2348, Time: 00:06:08

Health: 0/40       AC:  7    Str: 22    XL:     4   Next: 44%
Magic:  3/3        EV:  6    Int:  5    God:
Gold:   122        SH:  5    Dex: 10    Spells: 3/3 levels left

rFire   . . .      SeeInvis .   a - +0 long sword
rCold   . . .      Faith    .   c - +1 buckler
rNeg    . . .      Spirit   .   b - +0 scale mail
rPois   .          Reflect  .   (helmet restricted)
rElec   .          Harm     .   (no cloak)
rCorr   .          Rampage  .   (no gloves)
Will    .....                   (no boots)
Stlth   ..........              (no amulet)
HPRegen 0.13/turn               (no ring)
MPRegen 0.08/turn               (no ring)

@: constricted
A: horns 2, retaliatory headbutt
a: no special abilities


You were on level 3 of the Dungeon.
You visited 1 branch of the dungeon, and saw 3 of its levels.

You collected 122 gold pieces.

Inventory:

Hand Weapons
 a - a +0 long sword (weapon)
Missiles
 e - 6 silver javelins (quivered)
Armour
 b - a +0 scale mail (worn)
 c - a +1 buckler (worn)
Scrolls
 f - a scroll of amnesia
 g - 2 scrolls of summoning
 i - a scroll of identify
 m - a scroll of teleportation {unknown}
 n - a scroll of enchant armour
Potions
 d - 4 potions of might
 h - a potion of curing {unknown}
 j - a potion of mutation {unknown}
 k - a potion of flight {unknown}
 l - 3 potions of heal wounds {unknown}
 o - a potion of berserk rage {unknown}


   Skills:
 + Level 4.2 Fighting
 + Level 3.9 Long Blades
 + Level 4.6 Armour
 + Level 0.1 Dodging
 + Level 4.1 Shields


You had 3 spell levels left.
You didn't know any spells.
Your spell library contained the following spells:

 Spells                   Type           Power      Damage    Failure   Level
 Shock                    Conj/Air       0%         1d3       87%         1
 Swiftness                Air            0%         N/A       99%         3
 Airstrike                Air            0%         2d(0-16)  100%        4


Dungeon Overview and Level Annotations

Branches:
Dungeon (3/15)

Altars:

Shops:
D:1 [   D:3 !


Innate Abilities, Weirdness & Mutations

You have a pair of horns on your head.
You reflexively headbutt those who attack you in melee.


Message History

You hit something.
Reactivating autopickup.
You feel a bit more experienced. You block the orc's attack. x2
The ball python bites you.
* * * LOW HITPOINT WARNING * * *
The ball python grabs you. The ball python constricts you.
The orc hits you but does no damage. The orc hits you with a +0 flail.
* * * LOW HITPOINT WARNING * * *
You barely miss the orc. You headbutt the orc.
The orc is moderately wounded.
The orc hits you but does no damage. The ball python barely misses you.
The ball python constricts you. The orc barely misses you.
You furiously retaliate!
You headbutt the orc!
You kill the orc!
The orc hits you but does no damage. You block the orc's attack.
You hit the orc.
The orc is severely wounded.
The ball python barely misses you. The ball python constricts you.
You block the orc's attack. The orc hits you with a +0 flail.
* * * LOW HITPOINT WARNING * * *
The ball python closely misses you. The ball python constricts you.
You slash the orc!
You kill the orc!
The orc hits you but does no damage. You block the ball python's attack.
The ball python constricts you.
* * * LOW HITPOINT WARNING * * *
You escape the ball python's grasp.
The orc hits you but does no damage. You block the ball python's attack.
The ball python barely misses you.
Things that are here:
a +0 flail; an orc corpse You hit the orc.
The orc is lightly wounded.
The orc hits you but does no damage. The ball python barely misses you.
The ball python grabs you. The ball python constricts you.
The orc barely misses you.
You hit the orc.
The orc is moderately wounded.
The ball python bites you but does no damage.
The ball python constricts you.
You die...

#..... ..##..####
##..⌠..## #........#
.......+##...#..##.#
#......#..#.#..##.#
#.P~~P...##.#..##.#### #
#..P.....##.#.........
...#..).)........#.#####
......S?......#.##.#
......o@........##.#
....##############.# ...
#.# #. #.# # #.# #.# #.#
#.# #.#


You could see an orc and a ball python.

Vanquished Creatures
  An orc wizard (D:3)
  2 adders (D:2)
  3 worms
  A dart slug (D:2)
  2 orcs (D:3)
  8 ball pythons
  2 endoplasms (D:1)
  A giant cockroach (D:1)
  3 goblins
  2 hobgoblins (D:1)
  5 jackals
  A kobold (D:3)
  2 quokkas (D:1)
  3 bats
  A frilled lizard (D:1)
  4 rats
41 creatures vanquished.

Vanquished Creatures (others)
  2 demonic plants (D:1)
  2 withered plants (D:1)
4 creatures vanquished.

Grand Total: 45 creatures vanquished

Notes
Turn   | Place    | Note
-------+----------+-------------------------------------------
     0 | D:1      | GigaChad the Minotaur Fighter began the quest for the Orb.
     0 | D:1      | Reached XP level 1. HP: 19/19 MP: 0/0
   111 | D:1      | Found Ubykk's Antique Armour Shoppe.
   518 | D:1      | Reached XP level 2. HP: 27/27 MP: 1/1
   827 | D:1      | Found a faded altar of an unknown god.
  1463 | D:2      | Reached XP level 3. HP: 30/33 MP: 2/2
  2046 | D:2      | Identified the +3 sling "Tius" {venom, rPois rC+ Int+2}
  2261 | D:3      | Found Vuyg's Distillery.
  2273 | D:3      | Reached XP level 4. HP: 37/40 MP: 3/3
  2344 | D:3      | HP: 2/40 [orc/+0 flail (4)]
  2348 | D:3      | Constricted to death by a ball python

Illustrated notes

Levels and vault maps discovered:
D:1:      heliophobic_arrival_dark_side_of_the_moon, layout_basic, serial_shops,
          shop, shapermc_ecumenical_altar_gd
D:2:      layout_loops_cross
D:3:      layout_loops_ring, tso_oasis_becter, serial_shops,
          nicolae_diamond_shop

Skill      XL: |  1  2  3 |
---------------+----------+-----
Armour         | 4 |  4.6
Fighting       | 4 |  4.2
Shields        | 4 |  4.1
Long Blades    | 3 |  3.9
Dodging        | |  0.1

Action                   |  1- 3 |  4- 6 || total
-------------------------+-------+-------++-------
Melee: Long sword        |   111 |    11 ||   122
       Headbutt          |    13 |     3 ||    16
  Use: Scroll            |     4 |       ||     4
Armor: Scale mail        |    62 |    13 ||    75
Dodge: Dodged            |    59 |    11 ||    70
Block: Buckler           |    25 |     9 ||    34
